 Dungeon Crawl Stone Soup version 0.29.0-4-gdea44cf6ec (webtiles) character file.

Game seed: 14355624209154899653

303 qw the Chopper (level 6, -11/48 HPs)
             Began as a Formicid Cinder Acolyte on Sept 3, 2022.
             Was an Elder of Ignis.
             Succumbed to Duvessa's poison
             ... on level 4 of the Dungeon.
             The game lasted 00:01:27 (3881 turns).

qw the Chopper (Formicid Cinder Acolyte)            Turns: 3881, Time: 00:01:27

Health: -11/48     AC: 18    Str: 21    XL:     6   Next: 65%
Magic:  7/7        EV:  7    Int: 13    God:    Ignis [****..]
Gold:   146        SH:  0    Dex:  9    Spells: 7/7 levels left

rFire   + + .      SeeInvis +   i - +0 war axe
rCold   . . .      Faith    .   (no shield)
rNeg    . . .      Spirit   .   e - +0 chain mail
rPois   .          Reflect  .   (helmet unavailable)
rElec   .          Harm     .   (no cloak)
rCorr   .          Rampage  .   d - +0 pair of gloves
Will    .....                   g - +0 pair of boots
Stlth   ..........              (no amulet)
HPRegen 0.16/turn               (no ring)
MPRegen 0.10/turn               (no ring)

@: lethally poisoned (-11 -> -67), fiery-armoured
A: permanent stasis, dig shafts and tunnels, antennae 3, four strong arms, fire
resistance 1, sense surroundings 1, wild magic 1
a: Dig, Shaft Self, Renounce Religion, Fiery Armour, Foxfire Swarm, Rising Flame


You were on level 4 of the Dungeon.
You worshipped Ignis.
Ignis was greatly pleased with you.
You visited 1 branch of the dungeon, and saw 4 of its levels.

You collected 146 gold pieces.


Innate Abilities, Weirdness & Mutations

You cannot be hasted, slowed, berserked, paralysed or teleported.
You can dig through walls and to a lower floor.
You have a pair of large antennae on your head. (SInv)
Your four strong arms can wield two-handed weapons with a shield.
Your flesh is heat resistant. (rF+)
You passively map a small area around you.
Your spells are a little harder to cast, but a little more powerful.


   Skills:
 - Level 4.2 Fighting
 - Level 6.0 Axes
 - Level 2.3 Armour
 + Level 0.0 Dodging
 - Level 1.1 Spellcasting
 - Level 3.0 Fire Magic


You had 7 spell levels left.
You didn't know any spells.
Your spell library contained the following spells:

 Spells                   Type           Power      Damage    Failure   Level
 Scorch                   Fire           22%        2d6       83%         2

Inventory:

Hand Weapons
 i - a +0 war axe (weapon)
 Y - a -1 hand axe of flaming
Missiles
 k - 3 boomerangs (quivered)
Armour
 d - a +0 pair of gloves (worn)
 e - a +0 chain mail (worn)
 g - a +0 pair of boots (worn)
Scrolls
 a - a scroll of identify
Potions
 b - a potion of invisibility {unknown}
 c - a potion of mutation
 f - a potion of brilliance {unknown}
 j - a potion of curing {unknown}

Dungeon Overview and Level Annotations

Branches:
Dungeon (4/15)
 Temple: D:4-7

Altars:
Elyvilon
Okawaru
Sif Muna

Shops:
D:1 [

Annotations:
D:4 Duvessa


Message History

Dowan is burned by your cloak of flames.
You kill Dowan!
Duvessa weeps, and shakes her weapon.
Duvessa goes berserk!
Duvessa hits you but does no damage.
You are more poisoned.
Duvessa is burned by your cloak of flames.
Duvessa is heavily wounded.
Your Fighting skill increases to level 4!
You hit Duvessa but do no damage.
Duvessa is heavily wounded.
You feel very sick.
Duvessa hits you with a +2 short sword of venom.
You are lethally poisoned!
Duvessa is burned by your cloak of flames.
Duvessa is heavily wounded.
Duvessa hits you but does no damage.
You are more poisoned.
Duvessa is burned by your cloak of flames.
Duvessa is severely wounded.
You hit Duvessa but do no damage.
Duvessa is severely wounded.
You feel extremely sick.
Duvessa hits you with a +2 short sword of venom.
You are more poisoned.
Duvessa hits you but does no damage.
You are more poisoned.
Duvessa is burned by your cloak of flames.
Duvessa is severely wounded.
You barely miss Duvessa.
Duvessa is severely wounded.
You feel extremely sick. Duvessa hits you but does no damage.
You are more poisoned.
Duvessa hits you but does no damage.
You are more poisoned.
Duvessa is burned by your cloak of flames.
Duvessa is severely wounded.
You hit Duvessa but do no damage.
Duvessa is severely wounded.
You die...

, , , ** * ##,
* #..* ,, #
#.#* .# *
#.##..####.####
*
........e......
, , ,
#...)@.....# *
, ,
.....####..#.#
, .##,, .# , ,
, , , < # , , ,
, ,* ,>*, * , ,
*, * * *


You could see Duvessa (berserk).

Vanquished Creatures
  Dowan (D:4)
  An orc priest (D:3)
  Natasha (thrice) (D:3)
  An iguana (D:3)
  An orc wizard (D:3)
  Robin (D:2)
  4 adders
  2 worms
  2 orcs (D:3)
  3 endoplasms
  A giant cockroach (D:3)
  9 goblins
  7 hobgoblins
  7 ball pythons
  3 bats
  2 frilled lizards
  2 kobolds (D:2)
  4 rats
54 creatures vanquished.

Notes
Turn   | Place    | Note
-------+----------+-------------------------------------------
     0 | D:1      | qw the Formicid Cinder Acolyte began the quest for the Orb.
     0 | D:1      | Reached XP level 1. HP: 18/18 MP: 2/2
     0 | D:1      | 0 ||| qw: Version: 0.1-a-102-g441f92d
     0 | D:1      | 0 ||| qw: Game counter: 5275
     0 | D:1      | 0 ||| qw: Always use a shield: true
     0 | D:1      | 0 ||| qw: God list: Okawaru
     0 | D:1      | 0 ||| qw: Allow faded altars: false
     0 | D:1      | 0 ||| qw: Do Orc after D:15 true
     0 | D:1      | 0 ||| qw: Do second Lair branch before Depths: true
     0 | D:1      | 0 ||| qw: Lair rune preference: random
     0 | D:1      | 0 ||| qw: Plans: Normal
     0 | D:1      | 0 ||| PLANNING D:1-11
    26 | D:1      | 26 ||| Stepping ~*~*~tactically~*~*~ (stealth).
   180 | D:1      | Found a faded altar of an unknown god.
   689 | D:1      | Found Gukac's Armour Shop.
   693 | D:1      | 693 ||| SHOPLISTING +0 pair of gloves (58 gold, have 0).
   693 | D:1      | 693 ||| SHOPLISTING +1 scale mail of poison resistance (169
                  | gold, have 0).
   693 | D:1      | 693 ||| SHOPLISTING +3 plate armour of fire resistance (585
                  | gold, have 0).
   693 | D:1      | 693 ||| SHOPLISTING +3 warlock's mirror {reflect} (520
                  | gold, have 0).
   786 | D:1      | 786 ||| UPGRADING to +0 leather armour.
   796 | D:1      | 796 ||| DROPPING +0 robe.
   797 | D:1      | 797 ||| UPGRADING to +0 scale mail.
   807 | D:1      | 807 ||| DROPPING +0 leather armour.
   808 | D:1      | 808 ||| READING scroll labelled QUECLY TAEDD.
   809 | D:1      | 809 ||| READING scroll labelled JALEUL LIPNOG.
   931 | D:1      | 931 ||| READING scroll labelled EWIYCU VECEONO.
   957 | D:2      | Found a white marble altar of Elyvilon.
  1001 | D:2      | Reached skill level 1 in Armour
  1001 | D:2      | Reached XP level 2. HP: 24/24 MP: 3/3
  1208 | D:2      | Reached XP level 3. HP: 29/29 MP: 4/4
  1627 | D:2      | 1627 ||| Stepping ~*~*~tactically~*~*~ (stealth).
  1645 | D:2      | Reached skill level 4 in Axes
  1789 | D:2      | 1789 ||| INVOKING Fiery Armour.
  1790 | D:2      | Noticed Robin
  1794 | D:2      | Reached XP level 4. HP: 25/35 MP: 5/5
  1805 | D:2      | Killed Robin
  2227 | D:2      | 2227 ||| UPGRADING to +0 pair of gloves.
  2232 | D:2      | 2232 ||| UPGRADING to +0 chain mail.
  2242 | D:2      | 2242 ||| DROPPING +0 scale mail.
  2243 | D:2      | 2243 ||| READING scroll labelled TUYNNEAJELE.
  2244 | D:2      | 2244 ||| DRINKING 2 ruby potions.
  2267 | D:3      | 2267 ||| Stepping ~*~*~tactically~*~*~ (stealth).
  2326 | D:3      | Found an iron altar of Okawaru.
  2326 | D:3      | Found a shimmering blue altar of Sif Muna.
  2444 | D:3      | 2444 ||| INVOKING Fiery Armour.
  2450 | D:3      | Reached skill level 5 in Axes
  2450 | D:3      | Reached XP level 5. HP: 17/41 MP: 6/6
  2668 | D:3      | Noticed Natasha
  2672 | D:3      | Killed Natasha
  2795 | D:3      | Noticed Natasha
  2796 | D:3      | 2796 ||| Stepping ~*~*~tactically~*~*~ (stealth).
  2806 | D:3      | Killed Natasha
  3162 | D:3      | Noticed Natasha
  3165 | D:3      | 3165 ||| INVOKING Fiery Armour.
  3170 | D:3      | Killed Natasha
  3171 | D:3      | Reached XP level 6. HP: 46/47 MP: 7/7
  3253 | D:3      | 3253 ||| Stepping ~*~*~tactically~*~*~ (stealth).
  3256 | D:3      | Reached skill level 6 in Axes
  3307 | D:3      | 3307 ||| SWAPPING to +0 war axe.
  3386 | D:3      | 3386 ||| UPGRADING to +0 pair of boots.
  3391 | D:3      | 3391 ||| DRINKING 2 viscous puce potions.
  3391 | D:3      | Gained mutation: Your flesh is heat resistant. (rF+)
                  | [potion of mutation]
  3391 | D:3      | Gained mutation: You passively map a small area around you.
                  | [potion of mutation]
  3391 | D:3      | Gained mutation: Your spells are a little harder to cast,
                  | but a little more powerful. [potion of mutation]
  3413 | D:4      | Noticed Duvessa
  3413 | D:4      | Noticed Dowan
  3414 | D:4      | 3414 ||| INVOKING Fiery Armour.
  3415 | D:4      | 3415 ||| STAIRDANCE
  3419 | D:4      | 3419 ||| STAIRDANCE
  3423 | D:4      | 3423 ||| STAIRDANCE
  3475 | D:4      | 3475 ||| STAIRDANCE
  3542 | D:4      | 3542 ||| STAIRDANCE
  3754 | D:4      | 3754 ||| STAIRDANCE
  3872 | D:4      | 3872 ||| INVOKING Fiery Armour.
  3876 | D:4      | HP: 10/48 [poisoned by Duvessa]
  3877 | D:4      | 3877 ||| DRINKING potion of heal wounds.
  3877 | D:4      | Killed Dowan
  3880 | D:4      | HP: 3/48 [poisoned by Duvessa]
  3881 | D:4      | Succumbed to Duvessa's poison

Levels and vault maps discovered:
D:1:      psy_arrival_fountain, layout_basic, serial_shops,
          nicolae_shop_hallway_stairs, dreamdust_ecumenical_altar_statues
D:2:      layout_loops_corners, basic_altar, uniq_robin
D:3:      minmay_angry_zag, layout_loops_cross, gammafunk_temple_overflow_pools,
          minmay_misc_feat_chi, grunt_decor_arrowhead, minmay_misc_feat_tower,
          uniq_natasha
D:4:      layout_loops_ring, mainiacjoe_overflow_boulevard,
          gammafunk_ghost_necromancy, minmay_misc_feat_square, uniq_duvessa

Skill      XL: |  1  2  3  4  5  6 |
---------------+-------------------+-----
Armour         | 1 2 |  2.3
Axes           | 4 5 6 |  6.0
Fighting       | 4 |  4.2
Spellcasting   | |  1.1
Fire Magic     | |  3.0

Action                   |  1- 3 |  4- 6 || total
-------------------------+-------+-------++-------
Melee: Hand axe          |    81 |   107 ||   188
       War axe           |       |     8 ||     8
       Punch             |       |     1 ||     1
Invok: Fiery Armour      |     1 |     4 ||     5
  Use: Scroll            |     3 |     1 ||     4
       Potion            |       |     3 ||     3
Armor: Robe              |     7 |       ||     7
       Scale mail        |    28 |     5 ||    33
       Chain mail        |       |    70 ||    70
Dodge: Dodged            |    36 |    43 ||    79

Table legend:
 A = Non-vault XP
 B = Vault XP
 C = Vault XP percentage of total XP
 D = Non-vault monster count
 E = Vault monster count
 F = Vault count percentage of total count
                 A         B        C        D         E       F
            +---------+---------+-------+---------+---------+-------
      Total |     287 |     146 |  33.7 |      37 |      17 |  31.5
            +---------+---------+-------+---------+---------+-------
        D:1 |       8 |       0 |   0.0 |       7 |       0 |   0.0
        D:2 |      49 |      39 |  44.3 |      15 |      13 |  46.4
        D:3 |     230 |      41 |  15.1 |      15 |       3 |  16.7
        D:4 |       0 |      66 | 100.0 |       0 |       1 | 100.0
            +---------+---------+-------+---------+---------+-------
